 Dungeon Crawl Stone Soup version 0.31-a0-237-g2d982f9f85 (webtiles) character file.

Game seed: 8123762250389069282

2 qw the Shooter (level 1, -2/16 HPs)
             Began as a Minotaur Hexslinger on July 11, 2023.
             Slain by an adder (3 damage)
             ... on level 2 of the Dungeon.
             The game lasted 00:00:02 (43 turns).

qw the Shooter (Minotaur Hexslinger)                  Turns: 43, Time: 00:00:02

Health: -2/16      AC:  2    Str: 12    XL:     1   Next: 33%
Magic:  1/1        EV: 12    Int: 10    God:
Gold:   0          SH:  0    Dex: 12    Spells: 1/2 levels left

rFire   . . .        Y - +1 sling
rCold   . . .        (no shield)
rNeg    . . .        c - +0 robe
rPois   .            (helmet restricted)
rElec   .            (no cloak)
rCorr   .            (no gloves)
SInv    .            (no boots)
Will    .....        (no amulet)
Stlth   +            (no ring)
HPRegen 0.22/turn    (no ring)
MPRegen 0.07/turn

%: no passive effects
@: no status effects
A: horns 2, retaliatory headbutt
a: no special abilities


You were on level 2 of the Dungeon.
You visited 1 branch of the dungeon, and saw 2 of its levels.


Innate Abilities, Weirdness & Mutations

You have a pair of horns on your head.
You reflexively headbutt those who attack you in melee.


   Skills:
 - Level 1.2 Fighting
 + Level 2.5 Ranged Weapons
 - Level 2.1 Dodging
 - Level 1.0 Spellcasting
 - Level 2.0 Hexes


You had one spell level left.
You knew the following spells:

 Your Spells              Type           Power      Damage    Failure   Level
a - Slow                  Hex            16%        N/A       16%         1

Your spell library contained the following spells:

 Spells                   Type           Power      Damage    Failure   Level
 Inner Flame              Hex/Fire       2%         N/A       56%         3
 Portal Projectile        Hex/Tloc       4%         N/A       56%         3
 Cause Fear               Hex            2%         N/A       83%         4

Inventory:

Hand Weapons
 Y - a +1 sling (weapon)
Armour
 c - a +0 robe (worn)

Dungeon Overview and Level Annotations

Branches:
Dungeon (2/15)

Altars:


Message History

You hear an angry hiss.
You shoot a sling bullet. The sling bullet misses the bat.
The bat closely misses you.
35 ||| READING scroll labelled ODA XICIAD.
As you read the scroll labelled ODA XICIAD, it crumbles to dust.
It is a scroll of identify.
You don't currently have any unidentified items.
36 ||| DROPPING scroll of poison.
You drop a scroll of poison.
(D) Dungeon
Where to? (* - list waypoints, ? - help)
What level of the Dungeon? (default 1, ? - help)
A bat, an endoplasm and a hobgoblin come into view.
The hobgoblin shouts!
The endoplasm quivers.
The bat hits you but does no damage.
You shoot a sling bullet.
The sling bullet hits the bat but does no damage.
The bat misses you.
You shoot a sling bullet. The sling bullet hits the bat.
The bat is severely wounded.
The bat hits you.
An adder comes into view.
The bat closely misses you.
You shoot a sling bullet. The adder hisses angrily.
The sling bullet hits the bat.
You kill the bat!
The endoplasm freezes you.
You are frozen.
You shoot a sling bullet. The sling bullet hits the endoplasm.
The endoplasm is severely wounded.
The endoplasm hits you. The hobgoblin hits you. The endoplasm hits you.
You shoot a sling bullet.
The sling bullet completely misses the endoplasm.
The endoplasm freezes you.
You are frozen.
The hobgoblin barely misses you.
You shoot a sling bullet. The sling bullet hits the endoplasm.
You kill the endoplasm!
The hobgoblin hits you. The adder bites you.
You die...

.#.. ...
... ..<
#.. #...
#.# ...
#.#####
..#
##....#
#.#
##.###.#
#..###.##
#.#
#.g@#.##
#.#
#.S#?##
#.#
#..###
#.# #..
... #..
#.# #..
#.# #..
...


You could see an adder and a hobgoblin.

Vanquished Creatures
  A bat (D:2)
  An endoplasm (D:2)
  A goblin (D:1)
3 creatures vanquished.

Notes
Turn   | Place    | Note
-------+----------+-------------------------------------------
     0 | D:1      | qw the Minotaur Hexslinger began the quest for the Orb.
     0 | D:1      | Reached XP level 1. HP: 16/16 MP: 1/1
     0 | D:1      | 0 ||| qw: Version: 0.3-a-52-g30416fa
     0 | D:1      | 0 ||| qw: Game counter: 5517
     0 | D:1      | 0 ||| qw: Melee chars always use a shield: true
     0 | D:1      | 0 ||| qw: God list: Okawaru
     0 | D:1      | 0 ||| qw: Allow faded altars: false
     0 | D:1      | 0 ||| qw: Do Orc after clearing Dungeon:15 true
     0 | D:1      | 0 ||| qw: Do second Lair branch before Depths: true
     0 | D:1      | 0 ||| qw: Lair rune preference: random
     0 | D:1      | 0 ||| qw: Goals: Normal
     0 | D:1      | 0 ||| PLANNING D:1-11
    23 | D:1      | You fall into a shaft and drop 1 floor!
    35 | D:2      | 35 ||| READING scroll labelled ODA XICIAD.
    36 | D:2      | 36 ||| DROPPING scroll of poison.
    43 | D:2      | HP: 1/16 [hobgoblin (4)]
    43 | D:2      | Slain by an adder

Levels and vault maps discovered:
D:1:      minmay_arrival_hallway, layout_basic
D:2:      layout_loops_ring, serial_aquarium, aquarium_bridge_long_joined
          [aquarium_subvault_window, aquarium_subvault_balcony,
          aquarium_subvault_bridge, aquarium_subvault_bridge,
          aquarium_subvault_bridge, aquarium_subvault_window],
          aquarium_bridge_straight [aquarium_subvault_bridge,
          aquarium_subvault_window, aquarium_subvault_bridge,
          aquarium_subvault_wall], aquarium_window_fake, aquarium_window_3,
          aquarium_view_2b, aquarium_balcony_3a, aquarium_pool_1,
          grunt_decor_cap

Action                     || total
---------------------------++-------
   Fire: Sling             ||    11
    Use: Scroll            ||     1
 Armour: Robe              ||     1
  Dodge: Dodged            ||     6

Table legend:
 A = Non-vault XP
 B = Vault XP
 C = Vault XP percentage of total XP
 D = Non-vault monster count
 E = Vault monster count
 F = Vault count percentage of total count
                 A         B        C        D         E       F
            +---------+---------+-------+---------+---------+-------
      Total |       6 |       0 |   0.0 |       3 |       0 |   0.0
            +---------+---------+-------+---------+---------+-------
        D:1 |       2 |       0 |   0.0 |       1 |       0 |   0.0
        D:2 |       4 |       0 |   0.0 |       2 |       0 |   0.0
            +---------+---------+-------+---------+---------+-------
